 Dungeon Crawl Stone Soup version 0.28-a0-724-g66f9036eb4 (webtiles) character file.

Game seed: 7149259949699154660

1371 Grim the Reanimator (level 8, -2/43 HPs)
             Began as a Deep Elf Necromancer on Oct 26, 2021.
             Slain by a wyvern skeleton (11 damage)
             ... on level 5 of the Dungeon.
             The game lasted 00:20:39 (8486 turns).

Grim the Reanimator (Deep Elf Necromancer)          Turns: 8486, Time: 00:20:40

Health: -2/43      AC:  2    Str:  7    XL:     8   Next: 38%
Magic:  14/14      EV: 12    Int: 21    God:
Gold:   298        SH:  0    Dex: 15    Spells: 4/13 levels left

rFire   + . .      SeeInvis .   s - staff of earth
rCold   + . .      Faith    .   (no shield)
rNeg    . . .      Spirit   .   f - +0 robe {rC+ rF+}
rPois   .          Reflect  .   (no helmet)
rElec   .          Harm     .   (no cloak)
rCorr   +          Rampage  .   (no gloves)
Will    +....                   (no boots)
Stlth   ++........              (no amulet)
HPRegen 0.14/turn               o - ring of resist corrosion
MPRegen 0.14/turn               u - ring of willpower

@: studying Necromancy
A: no striking features
a: no special abilities


You were on level 5 of the Dungeon.
You visited 1 branch of the dungeon, and saw 5 of its levels.

You collected 298 gold pieces.

Inventory:

Hand Weapons
 b - a +0 short sword
Armour
 a - a +0 robe
 f - a +0 robe of resistance (worn)
Magical Staves
 s - a staff of earth (weapon)
Jewellery
 d - a ring of flight
 o - a ring of resist corrosion (left hand)
 u - a ring of willpower (right hand)
Wands
 c - a wand of charming (7)
 h - a wand of flame (9)
 p - a wand of mindburst (10)
Scrolls
 e - 2 scrolls of noise {unknown}
 i - a scroll of magic mapping {unknown}
 k - a scroll of enchant weapon {unknown}
 n - a scroll of blinking {unknown}
 q - a scroll of brand weapon {unknown}
 v - a scroll of teleportation {unknown}
Potions
 g - 3 potions of flight {unknown}
 j - 2 potions of resistance
 l - a potion of lignification {unknown}
 m - a potion of cancellation {unknown}
 t - a potion of curing
Miscellaneous
 r - a piece from Xom's chessboard (15/15)


   Skills:
 - Level 1.4 Fighting
 - Level 4.2 Staves
 - Level 2.4 Dodging
 - Level 2.4 Stealth
 + Level 3.0 Spellcasting
 - Level 12.0 Necromancy


You had 4 spell levels left.
You knew the following spells:

 Your Spells              Type           Power      Damage    Failure   Level
a - Pain                  Necr           100%       1d9       1%          1
b - Animate Skeleton      Necr           100%       N/A       1%          1
c - Vampiric Draining     Necr           26%        2d9       1%          3
d - Animate Dead          Necr           26%        N/A       1%          4

Your spell library contained the following spells:

 Spells                   Type           Power      Damage    Failure   Level
 Static Discharge         Conj/Air       3%         N/A       21%         2
 Gell's Gravitas          Tloc           1%         N/A       36%         3
 Lesser Beckoning         Tloc           3%         N/A       36%         3
 Teleport Other           Tloc           3%         N/A       36%         3
 Agony                    Necr           52%        N/A       2%          5
 Lightning Bolt           Conj/Air       1%         1d12      98%         5
 Maxwell's Capacitive Co  Air            1%         ∞         100%        8


Dungeon Overview and Level Annotations

Branches:
Dungeon (5/15)
 Temple: D:4-7

Altars:
Elyvilon
Sif Muna
Beogh

Shops:
D:3 :   D:5 !

Annotations:
D:5 3 runed translucent doors, 1Viktor's ghost, amateur GrFi; Sigmund


Message History

There's nothing to open nearby.
Okay, then.
Okay, then.
Unknown command.
No target in view!
Sigmund shouts!
A wyvern skeleton comes into view.
Casting: Pain (safe; 1% risk of failure)
Confirm with . or Enter, or press ? or * to list all spells.
Aiming: Pain (safe; 1% risk of failure)
Press: ? - help, Shift-Dir - straight line, f - Sigmund
Aim: Sigmund, wielding a +0 scythe and wearing a +0 robe (chance to affect: 89%) Sigmund barely resists.
Casting: Pain (safe; 1% risk of failure)
Confirm with . or Enter, or press ? or * to list all spells.
Aiming: Pain (safe; 1% risk of failure)
Press: ? - help, Shift-Dir - straight line, f/p - Sigmund
Aim: Sigmund, wielding a +0 scythe and wearing a +0 robe (chance to affect: 89%) Sigmund writhes in agony!
Sigmund barely misses you.
Casting: Pain (safe; 1% risk of failure)
Confirm with . or Enter, or press ? or * to list all spells.
You can't see any susceptible monsters within range! (Use Z to cast anyway.) Unknown command.
The wyvern skeleton closely misses you. The wyvern skeleton bites you!
The wyvern skeleton bites you. The wyvern skeleton bites you.
Sigmund casts a spell.
Sigmund flickers and vanishes!
Deactivating autopickup; reactivate with Ctrl-A.
The wyvern skeleton barely misses you. The wyvern skeleton bites you.
* * * LOW HITPOINT WARNING * * *
The wyvern skeleton closely misses you. The wyvern skeleton bites you!
* * * LOW HITPOINT WARNING * * *
The wyvern skeleton bites you.
* * * LOW HITPOINT WARNING * * *
You feel better. The wyvern skeleton bites you!
You die...

.....# #.....................
∩....# #.....................
.....# #.....................
<....# #.....................
.....# #######'#####.........
.....#############.#####.........
.....'...........................
.....#######.#####.######........
##.####o.l.#.#..@Z.# #........
.....l..##o#.#.##### #........
........##.#.#.#<..# ##.......
........##.#(#.###o# #####.##
..>...........lo...# .....
..............####.# #....#
...................# #....#
...###+++###...##..# #....#
...#.....YW#...##..#


You could see a wyvern skeleton.

Vanquished Creatures
  Pikel (D:4)
  Eustachio (D:4)
  A water moccasin (D:5)
  Duvessa (D:4)
  A scorpion (D:4)
  Dowan (D:4)
  An orc priest (D:3)
  A jelly (D:5)
  2 hounds
  Jessica (D:2)
  Terence (D:3)
  Natasha (thrice) (D:4)
  An iguana (D:4)
  6 adders
  An ufetubus (D:4)
  3 dart slugs
  14 orcs
  15 ball pythons
  8 endoplasms
  7 giant cockroaches
  9 goblins
  7 hobgoblins
  2 quokkas
  7 bats
  5 frilled lizards
  8 kobolds
  9 rats
117 creatures vanquished.

Vanquished Creatures (collateral kills)
  3 orcs (D:4)
  An endoplasm (D:3)
4 creatures vanquished.

Grand Total: 121 creatures vanquished

Notes
Turn   | Place    | Note
-------+----------+-------------------------------------------
     0 | D:1      | Grim the Deep Elf Necromancer began the quest for the Orb.
     0 | D:1      | Reached XP level 1. HP: 10/10 MP: 6/6
    27 | D:1      | Reached skill level 5 in Necromancy
   240 | D:1      | Reached XP level 2. HP: 10/15 MP: 2/8
   738 | D:1      | Found a faded altar of an unknown god.
   994 | D:1      | Reached skill level 6 in Necromancy
  1106 | D:1      | Reached XP level 3. HP: 17/19 MP: 7/9
  1507 | D:2      | Found a shimmering blue altar of Sif Muna.
  1959 | D:2      | Learned a level 1 spell: Animate Skeleton
  1963 | D:2      | Learned a level 3 spell: Vampiric Draining
  2390 | D:2      | Noticed Jessica
  2397 | D:2      | Killed Jessica
  2398 | D:2      | Reached skill level 7 in Necromancy
  2398 | D:2      | Reached XP level 4. HP: 24/24 MP: 4/10
  2939 | D:3      | Noticed Terence
  2948 | D:3      | Killed Terence
  3346 | D:3      | Found a white marble altar of Elyvilon.
  3350 | D:3      | Reached XP level 5. HP: 26/28 MP: 8/11
  3420 | D:3      | Found Xigiy's Book Emporium.
  4006 | D:3      | Reached skill level 8 in Necromancy
  4014 | D:3      | Learned a level 4 spell: Animate Dead
  4060 | D:3      | HP: 1/28 [adder (1)]
  5148 | D:4      | Noticed Pikel
  5148 | D:4      | Noticed a lemure
  5148 | D:4      | Noticed a lemure
  5148 | D:4      | Noticed a lemure
  5148 | D:4      | Noticed a lemure
  5148 | D:4      | Noticed Duvessa
  5148 | D:4      | Noticed Dowan
  5799 | D:4      | Killed Duvessa
  5800 | D:4      | Reached skill level 1 in Staves
  5800 | D:4      | Reached XP level 6. HP: 28/32 MP: 1/12
  5963 | D:3      | HP: 1/32 [orc priest/divine providence (14)]
  6273 | D:3      | Reached skill level 9 in Necromancy
  6653 | D:4      | Killed Dowan
  6835 | D:4      | Noticed Eustachio
  6871 | D:4      | Killed Eustachio
  6872 | D:4      | Reached XP level 7. HP: 34/36 MP: 2/13
  7126 | D:4      | Killed Pikel
  7127 | D:4      | Reached skill level 11 in Necromancy
  7127 | D:4      | Reached XP level 8. HP: 38/41 MP: 0/14
  7257 | D:4      | Noticed Natasha
  7268 | D:4      | Killed Natasha
  7275 | D:4      | Noticed Natasha
  7388 | D:4      | Killed Natasha
  7393 | D:4      | Noticed Natasha
  7430 | D:4      | Killed Natasha
  8113 | D:5      | Entered Level 5 of the Dungeon
  8121 | D:5      | Found a runed translucent gate.
  8121 | D:5      | Noticed 1Viktor's ghost (amateur GrFi)
  8122 | D:5      | Found a runed translucent gate.
  8123 | D:5      | Found a runed translucent gate.
  8143 | D:5      | Found Tokk's Distillery.
  8159 | D:5      | Reached skill level 1 in Fighting
  8406 | D:5      | Reached skill level 12 in Necromancy
  8452 | D:5      | Noticed Sigmund
  8486 | D:5      | Slain by a wyvern skeleton

Illustrated notes

Levels and vault maps discovered:
D:1:      psy_arrival_conway, layout_loops_ring, ebering_ecumenical_altar_ruins
D:2:      layout_basic, basic_altar, kennysheep_small_spiral, uniq_jessica
D:3:      minmay_octagon_keep, layout_basic, overflow_temple_1_default,
          serial_shops, nicolae_shop_stone, minmay_strange_pillars,
          kennysheep_crisscross, kennysheep_orc_chapel, uniq_terence
D:4:      layout_rooms, hangedman_abyss_or_decor_passed,
          chequers_hall_statues_y, grunt_decor_one_mirror, saegor_snake_ambush,
          uniq_pikel, uniq_eustachio, uniq_duvessa, uniq_natasha
D:5:      minmay_recursive_quarters, layout_basic, serial_shops,
          nicolae_stop_n_shop_2, gammafunk_ghost_split, uniq_sigmund

Skill      XL: |  1  2  3  4  5  6  7  8 |
---------------+-------------------------+-----
Necromancy     | 5 6 7 8 9 11 12 | 12.0
Staves         | 1 2 4 |  4.2
Fighting       | 1 |  1.4
Dodging        | |  2.4
Stealth        | |  2.4
Spellcasting   | |  3.0

Action                   |  1- 3 |  4- 6 |  7- 9 || total
-------------------------+-------+-------+-------++-------
Melee: Short sword       |    10 |     3 |       ||    13
       Staff             |       |       |    10 ||    10
 Cast: Pain              |    56 |    96 |    37 ||   189
       Vampiric Draining |     1 |    20 |    14 ||    35
       Animate Skeleton  |       |     8 |     2 ||    10
       Animate Dead      |       |     4 |     3 ||     7
Evoke: Piece from Xom's  |       |     1 |       ||     1
  Use: Potion            |       |     2 |     3 ||     5
       Scroll            |       |     4 |       ||     4
Armor: Robe              |     4 |     5 |     3 ||    12
Dodge: Dodged            |    10 |    39 |    26 ||    75

Table legend: (Time is in decaauts)
 A = Elapsed time spent in this place.
 B = Non-inter-level travel time spent in this place.
 C = Inter-level travel time spent in this place.
 D = Time resting spent in this place.
 E = Time spent auto-exploring this place.
 F = Levels seen in this place.
 G = Mean time per level.
                   A        B        C        D        E       F      G
               +--------+--------+--------+--------+--------+-----+--------+
         Total |   8535 |   8155 |    380 |   3652 |   3251 |   5 | 1707.0 |
       Dungeon |   8535 |   8155 |    380 |   3652 |   3251 |   5 | 1707.0 |
               +--------+--------+--------+--------+--------+-----+--------+

Top non-repeatable levels by time:
     D:3: 3149 daAuts
     D:2: 2003 daAuts
     D:4: 1694 daAuts
     D:1: 1499 daAuts
     D:5: 187 daAuts
